 Dungeon Crawl Stone Soup version 0.22-a0-565-gfc6459a524 (webtiles) character file.

2095 Foic the Caller (level 9, -5/65 HPs)
             Began as a Gnoll Summoner on June 29, 2018.
             Was a Follower of Sif Muna.
             Slain by a hornet (6 damage)
             ... on level 8 of the Dungeon.
             The game lasted 01:04:57 (7342 turns).

Foic the Caller (Gnoll Summoner)                    Turns: 7342, Time: 01:04:57

Health: -5/65      AC:  7    Str: 10    XL:     9   Next: 27%
Magic:  5/18       EV: 16    Int: 21    God:    Sif Muna [*.....]
Gold:   456        SH:  0    Dex: 16    Spells: 3/21 levels left

rFire    . . .     SeeInvis .   g - +0 glaive (venom)
rCold    + + .     Gourm    .   (shield currently unavailable)
rNeg     . . .     Faith    .   G - +2 robe {rC+}
rPois    .         Spirit   .   z - +0 helmet
rElec    .         Reflect  .   (no cloak)
rCorr    .         Harm     .   l - +0 pair of gloves
MR       .....                  H - +0 pair of boots
Stlth    +++.......             (no amulet)
HPRegen  0.20/turn              F - ring of protection from cold
MPRegen  0.16/turn              (no ring)

@: slowed, very slow
A: distributed training, fangs 1, strong nose
a: Divine Energy, Renounce Religion


You were on level 8 of the Dungeon.
You worshipped Sif Muna.
Sif Muna was aware of your devotion.
You were not hungry.

You visited 2 branches of the dungeon, and saw 9 of its levels.

You collected 456 gold pieces.

Inventory:

Hand Weapons
 a - a +2 mace of protection
 b - a +0 hunting sling
 g - a +0 glaive of venom (weapon)
 v - a +0 blowgun
 w - a +3 dagger
 K - a +2 hand axe of flaming
 M - a +0 shortbow
 R - a +3 spear
Missiles
 f - 4 needles of confusion
 i - 80 sling bullets
 j - 167 arrows
 k - 52 bolts
 m - 124 stones (quivered)
 q - 8 tomahawks
 B - 2 curare-tipped needles
 O - 16 poisoned needles
Armour
 l - a +0 pair of gloves (worn)
 z - a +0 helmet (worn)
 G - a +2 robe of cold resistance (worn)
 H - a +0 pair of boots (worn)
Magical Staves
 d - an uncursed staff of earth
Jewellery
 F - a ring of protection from cold (left hand)
 Q - an uncursed amulet of faith
Wands
 y - a wand of flame (21)
 N - a wand of random effects (36)
Scrolls
 n - 5 scrolls of identify
 o - a scroll of enchant armour {unknown}
 r - 2 scrolls of fear {unknown}
 s - 2 scrolls of teleportation {unknown}
 t - 5 scrolls of remove curse {unknown}
 u - a scroll of amnesia {unknown}
 C - a scroll of blinking {unknown}
 D - 2 scrolls of magic mapping {unknown}
 E - a scroll of fog {unknown}
 L - a scroll of acquirement {unknown}
Potions
 e - a potion of agility
 p - 2 potions of curing
 x - a potion of might {unknown}
 A - a potion of degeneration {unknown}
 I - 2 potions of heal wounds {unknown}
 J - a potion of flight {unknown}
Comestibles
 c - 17 rations
 h - 3 chunks of flesh


   Skills:
 + Level 4.0 Fighting
 + Level 4.0 Short Blades
 + Level 4.0 Long Blades
 + Level 4.0 Axes
 + Level 4.0 Maces & Flails
 + Level 4.0 Polearms
 + Level 4.0 Staves
 + Level 4.0 Slings
 + Level 4.0 Bows
 + Level 4.0 Crossbows
 + Level 4.0 Throwing
 + Level 4.0 Armour
 + Level 6.1 Dodging
 + Level 5.9 Stealth
 + Level 4.0 Shields
 + Level 4.0 Unarmed Combat
 + Level 6.5 Spellcasting
 + Level 3.3 Conjurations
 + Level 3.3 Hexes
 + Level 3.3 Charms
 + Level 7.9 Summonings
 + Level 3.3 Necromancy
 + Level 3.3 Translocations
 + Level 3.3 Transmutations
 + Level 3.3 Fire Magic
 + Level 3.3 Ice Magic
 + Level 3.3 Air Magic
 + Level 3.3 Earth Magic
 + Level 3.3 Poison Magic
 + Level 4.4 Invocations
 + Level 4.0 Evocations


You had 3 spell levels left.
You knew the following spells:

 Your Spells              Type           Power        Failure   Level  Hunger
a - Summon Small Mammal   Summ           ####         1%          1    None
b - Call Imp              Summ           #####...     1%          2    None
c - Call Canine Familiar  Summ           #####...     1%          3    #......
d - Summon Guardian Gole  Hex/Summ       ####....     2%          3    #......
e - Summon Ice Beast      Ice/Summ       ####....     9%          4    ###....
f - Blink                 Tloc           N/A          3%          2    None
g - Dazzling Spray        Conj/Hex       ###...       7%          3    #......

Your spell library contained the following spells:

 Spells                   Type           Power        Failure   Level  Hunger
 Cause Fear               Hex            ###.......   24%         4    ###....
 Magic Dart               Conj           ###.         2%          1    None
 Conjure Flame            Conj/Fire      ###.....     7%          3    #......
 Slow                     Hex            ###.....     3%          2    None
 Mephitic Cloud           Conj/Pois/Air  ###.....     7%          3    #......
 Iskenderun's Mystic Bla  Conj           ###.....     24%         4    ###....
 Deflect Missiles         Chrm/Air       ###.......   98%         6    ######.
 Silence                  Hex/Air        ###.......   54%         5    #####..
 Fulminant Prism          Conj/Hex       ###.......   24%         4    ###....
 Force Lance              Conj/Tloc      ###.....     24%         4    ###....
 Searing Ray              Conj           ###...       3%          2    None
 Discord                  Hex            ###.......   100%        8    #######
 Summon Lightning Spire   Summ/Air       ####....     9%          4    ###....
 Yara's Violent Unravell  Hex/Tmut       ###.......   54%         5    #####..


Dungeon Overview and Level Annotations

Branches:
Dungeon (8/15)             Temple (1/1) D:6
   Lair: D:8-11

Altars:
Ashenzari
Dithmenos
Elyvilon
Gozag
Hepliaklqana
Makhleb
Nemelex Xobeh
Okawaru
Qazlal
Ru
Sif Muna
Trog
Uskayaw
Vehumet
Wu Jian
Xom
Yredelemnul
The Shining One

Shops:
D:8 (((

Annotations:
D:3 1 runed door


Innate Abilities, Weirdness & Mutations

Your experience applies equally to all skills.
You have very sharp teeth.
Your uncanny sense of smell can sniff out nearby items.


Message History

The hornet stings you but does no damage.
The hornet misses you. x2
Casting: Call Canine Familiar (safe; 1% risk of failure)
Confirm with . or Enter, or press ? or * to list all spells.
You blink.
The hornet looks more healthy.
There is a shaft here.
You barely miss the hornet. Your bite misses the hornet.
The hornet is heavily wounded.
You feel yourself speed up. The hornet misses you.
The hornet closely misses you. The hornet stings you!
* * * LOW HITPOINT WARNING * * *
You feel yourself slow down.
The hornet stings you but does no damage.
The hornet barely misses you.
Okay, then.
Casting: Blink (safe; 3% risk of failure)
Confirm with . or Enter, or press ? or * to list all spells.
You blink.
The hornet stings you.
You die...

#......# #...##### ###.#### #...#
.# #...# . #...# #
.#######...#####.
.........§....... ...
.#######......... #..#
#y#.#.#.yy...... ∆...#∆∆
#.#.##.@.###### ..#∆∆ #.#.†...#
#.# #.#.##...# #.##########...#
.# #....# ##...# .# #..#)#
##....### .#
####..#.#####.......# #.##
##)∩..#....#.....##.# ...#.
....######........#.########.....


You could see 2 hornets.

Vanquished Creatures
  Pikel (D:8)
  Prince Ribbit (D:8)
  An orc warrior (D:8)
  A sky beast (D:5)
  2 wolves (D:8)
  A bullfrog (D:6)
  A crimson imp (D:8)
  A bullfrog skeleton (D:6)
  A hobgoblin (D:1)
10 creatures vanquished.

Vanquished Creatures (collateral kills)
  2 hornets (D:8)
  Grum (D:8)
  A sky beast (D:7)
  A slave (D:8)
  A black bear (D:6)
  An ice beast (D:6)
  3 ogres
  A wolf (D:8)
  The ghost of zluc the Cutter, an amateur KoBe of Trog (D:3)
  A centaur (D:6)
  A scorpion (D:7)
  2 crimson imps
  A centaur zombie (D:6)
  4 hounds
  A jelly (D:5)
  2 orc priests (D:6)
  A centaur skeleton (D:5)
  Terence (D:3)
  7 orc wizards
  5 worker ants
  A worker ant zombie (D:7)
  8 gnolls
  7 adders
  2 oozes
  4 worms
  6 dart slugs
  2 leopard geckos
  21 orcs
  2 giant cockroaches
  8 goblins
  5 hobgoblins
  12 jackals
  3 quokkas
  4 ball pythons
  6 bats
  3 frilled lizards
  9 kobolds
  12 rats
153 creatures vanquished.

Vanquished Creatures (others)
  2 slaves (D:8)
  An orc wizard (D:5)
3 creatures vanquished.

Grand Total: 166 creatures vanquished

Notes
Turn   | Place    | Note
-------+----------+-------------------------------------------
     0 | D:1      | Foic the Gnoll Summoner began the quest for the Orb.
     0 | D:1      | Reached XP level 1. HP: 13/13 MP: 6/6
   177 | D:1      | Reached XP level 2. HP: 19/19 MP: 3/7
   184 | D:1      | Learned a level 2 spell: Call Imp
   935 | D:2      | Reached XP level 3. HP: 25/25 MP: 7/9
   950 | D:2      | Reached skill level 5 in Spellcasting
   972 | D:2      | Learned a level 3 spell: Call Canine Familiar
   976 | D:2      | Learned a level 3 spell: Summon Guardian Golem
  1237 | D:2      | Found a sparkling altar of Nemelex Xobeh.
  1241 | D:2      | Found a shadowy altar of Dithmenos.
  1329 | D:2      | Reached skill level 1 in Invocations
  1369 | D:2      | Found a glowing golden altar of the Shining One.
  1943 | D:3      | Reached skill level 1 in Fighting
  1943 | D:3      | Reached skill level 1 in Short Blades
  1943 | D:3      | Reached skill level 1 in Long Blades
  1943 | D:3      | Reached skill level 1 in Axes
  1943 | D:3      | Reached skill level 1 in Maces & Flails
  1943 | D:3      | Reached skill level 1 in Polearms
  1943 | D:3      | Reached skill level 1 in Staves
  1943 | D:3      | Reached skill level 1 in Slings
  1943 | D:3      | Reached skill level 1 in Bows
  1943 | D:3      | Reached skill level 1 in Crossbows
  1943 | D:3      | Reached skill level 1 in Throwing
  1943 | D:3      | Reached skill level 1 in Armour
  1943 | D:3      | Reached skill level 1 in Shields
  1943 | D:3      | Reached skill level 1 in Unarmed Combat
  1943 | D:3      | Reached skill level 1 in Evocations
  2071 | D:3      | Reached XP level 4. HP: 31/32 MP: 4/11
  2270 | D:3      | Reached skill level 1 in Conjurations
  2270 | D:3      | Reached skill level 1 in Hexes
  2270 | D:3      | Reached skill level 1 in Charms
  2270 | D:3      | Reached skill level 1 in Necromancy
  2270 | D:3      | Reached skill level 1 in Translocations
  2270 | D:3      | Reached skill level 1 in Transmutations
  2270 | D:3      | Reached skill level 1 in Fire Magic
  2270 | D:3      | Reached skill level 1 in Ice Magic
  2270 | D:3      | Reached skill level 1 in Air Magic
  2270 | D:3      | Reached skill level 1 in Earth Magic
  2270 | D:3      | Reached skill level 1 in Poison Magic
  2376 | D:3      | Learned a level 4 spell: Summon Ice Beast
  2526 | D:3      | Reached XP level 5. HP: 37/37 MP: 12/12
  2558 | D:3      | Noticed Terence
  2570 | D:3      | Killed Terence
  2720 | D:3      | Found a runed door.
  2723 | D:3      | Noticed zluc's ghost (amateur KoBe)
  2781 | D:3      | Found a runed door.
  2961 | D:3      | Killed zluc's ghost
  3244 | D:4      | Noticed an ogre
  3254 | D:4      | Killed an ogre
  3254 | D:4      | Reached XP level 6. HP: 44/44 MP: 10/13
  3514 | D:4      | Reached skill level 5 in Dodging
  3608 | D:5      | Entered Level 5 of the Dungeon
  3622 | D:5      | Noticed a sky beast
  3641 | D:5      | Killed a sky beast
  3786 | D:5      | Reached XP level 7. HP: 50/50 MP: 11/15
  3896 | D:5      | Found a white marble altar of Elyvilon.
  4487 | D:6      | Found a staircase to the Ecumenical Temple.
  4533 | Temple   | Entered the Ecumenical Temple
  4637 | Temple   | Became a worshipper of Sif Muna the Loreminder
  4865 | D:6      | Learned a level 2 spell: Blink
  5095 | D:6      | Reached skill level 5 in Stealth
  5339 | D:6      | Found an ornate altar of the Wu Jian Council.
  5615 | D:7      | Reached XP level 8. HP: 57/57 MP: 13/16
  5973 | D:7      | Found a shimmering altar of Xom.
  6252 | D:8      | Found Toumuk's Antique Weapon Shop.
  6365 | D:8      | Noticed Grum
  6617 | D:8      | Killed Grum
  6671 | D:8      | Found a radiant altar of Vehumet.
  6672 | D:8      | HP: 2/58 [wolf[Grum] (6)]
  7064 | D:8      | Noticed Pikel
  7081 | D:8      | Killed Pikel
  7095 | D:8      | Found Cowiggeo's Weapon Shoppe.
  7101 | D:8      | Found Bumeneniy's Antique Weapon Shoppe.
  7231 | D:8      | Noticed Prince Ribbit
  7244 | D:8      | Killed Prince Ribbit
  7244 | D:8      | Reached * piety under Sif Muna
  7244 | D:8      | Reached XP level 9. HP: 65/65 MP: 13/18
  7291 | D:8      | Learned a level 3 spell: Dazzling Spray
  7300 | D:8      | Noticed a hornet
  7300 | D:8      | Noticed a hornet
  7304 | D:8      | Noticed a hornet
  7321 | D:8      | Killed a hornet
  7325 | D:8      | Killed a hornet
  7330 | D:8      | Noticed a hornet
  7335 | D:8      | Paralysed by a hornet for 3 turns
  7337 | D:8      | HP: 1/65 [hornet (6)]
  7342 | D:8      | Slain by a hornet

Vault maps used:
D:1:      minmay_arrival_five_plusses, st_stairs_7, hangedman_decor_opposing
D:2:      chequers_temple_overflow_statue_of_worship, tso_metal_star
D:3:      ebering_ghost_sewer_f, kennysheep_flooded_box, uniq_terence
D:5:      lemuel_doored_altar, first_ration, kennysheep_diamond
D:6:      marbit_many_paths, temple_pool_b
D:7:      lemuel_coloured_pillars_altar
D:8:      overflow_temple_1_default, serial_shops, shop, shop_statue, shop,
          hangedman_pestilent_swarm, uniq_pikel, uniq_psyche, uniq_grum,
          uniq_prince_ribbit1
Temple:   hc_temple_tempest_star

Skill      XL: |  1  2  3  4  5  6  7  8  9 |
---------------+----------------------------+-----
Spellcasting   | 5 6 |  6.5
Invocations    | 1 2 3 4 |  4.4
Fighting       | 1 2 3 4 |  4.0
Short Blades   | 1 2 3 4 |  4.0
Long Blades    | 1 2 3 4 |  4.0
Axes           | 1 2 3 4 |  4.0
Maces & Flails | 1 2 3 4 |  4.0
Polearms       | 1 2 3 4 |  4.0
Staves         | 1 2 3 4 |  4.0
Slings         | 1 2 3 4 |  4.0
Bows           | 1 2 3 4 |  4.0
Crossbows      | 1 2 3 4 |  4.0
Throwing       | 1 2 3 4 |  4.0
Armour         | 1 2 3 4 |  4.0
Shields        | 1 2 3 4 |  4.0
Unarmed Combat | 1 2 3 4 |  4.0
Evocations     | 1 2 3 4 |  4.0
Conjurations   | 1 2 3 |  3.3
Hexes          | 1 2 3 |  3.3
Charms         | 1 2 3 |  3.3
Necromancy     | 1 2 3 |  3.3
Translocations | 1 2 3 |  3.3
Transmutations | 1 2 3 |  3.3
Fire Magic     | 1 2 3 |  3.3
Ice Magic      | 1 2 3 |  3.3
Air Magic      | 1 2 3 |  3.3
Earth Magic    | 1 2 3 |  3.3
Poison Magic   | 1 2 3 |  3.3
Dodging        | 5 6 |  6.1
Stealth        | 5 |  5.9
Summonings     | |  7.9

Action                   |  1- 3 |  4- 6 |  7- 9 || total
-------------------------+-------+-------+-------++-------
Melee: Dagger            |     4 |     6 |       ||    10
       Punch             |       |     1 |       ||     1
       Mace              |       |       |    26 ||    26
       Bite              |       |       |     5 ||     5
       Glaive            |       |       |    13 ||    13
 Fire: Hunting sling     |     3 |     1 |     3 ||     7
       Shortbow          |       |       |     1 ||     1
 Cast: Summon Small Mamm |    21 |       |     4 ||    25
       Call Imp          |    26 |    14 |    12 ||    52
       Call Canine Famil |    13 |    17 |    36 ||    66
       Summon Guardian G |     6 |     3 |       ||     9
       Summon Ice Beast  |       |     3 |    16 ||    19
       Blink             |       |       |     2 ||     2
  Use: Scroll            |       |     1 |     1 ||     2
       Potion            |       |       |     6 ||     6
 Stab: Distracted        |       |       |     3 ||     3
  Eat: Chunk             |     4 |     8 |    11 ||    23
       Ration            |       |       |     1 ||     1
Armor: Robe              |     2 |     4 |    14 ||    20
Dodge: Dodged            |    12 |     7 |    71 ||    90

Table legend:
 A = Spawn XP
 B = Non-spawn XP
 C = Spawn XP percentage of total XP
 D = Spawn monster count
 E = Non-spawn monster count
 F = Spawn count percentage of total count
 G = Total turns spent on level
                    A         B        C        D         E        F      G
               +---------+---------+-------+---------+---------+-------+---------
         Total |       0 |    2993 |   0.0 |       0 |     163 |   0.0 |  7342
               +---------+---------+-------+---------+---------+-------+---------
           D:1 |       0 |      31 |   0.0 |       0 |      24 |   0.0 |   853
           D:2 |       0 |      43 |   0.0 |       0 |      31 |   0.0 |   956
           D:3 |       0 |     176 |   0.0 |       0 |      25 |   0.0 |  1295
           D:4 |       0 |     194 |   0.0 |       0 |      12 |   0.0 |   504
           D:5 |       0 |     229 |   0.0 |       0 |      22 |   0.0 |   691
           D:6 |       0 |     427 |   0.0 |       0 |      20 |   0.0 |  1040
           D:7 |       0 |     182 |   0.0 |       0 |       9 |   0.0 |   632
           D:8 |       0 |    1711 |   0.0 |       0 |      20 |   0.0 |  1254
               +---------+---------+-------+---------+---------+-------+---------
